 Dungeon Crawl Stone Soup version 0.24.0-29-g8ce449bc06 (webtiles) character file.

Game seed: 11896215507967967878, levelgen mode: deterministic

1614 Delamore the Cleaver (level 8, -1/64 HPs)
             Began as a Hill Orc Fighter on Nov 14, 2019.
             Slain by an iguana (5 damage)
             ... on level 6 of the Dungeon.
             The game lasted 00:08:31 (6997 turns).

Delamore the Cleaver (Hill Orc Fighter)             Turns: 6997, Time: 00:08:32

Health: -1/64      AC: 15    Str: 21    XL:     8   Next: 96%
Magic:  8/8        EV:  3    Int:  8    God:
Gold:   293        SH:  9    Dex: 10    Spells: 7/7 levels left

rFire    . . .     SeeInvis .   a - +0 war axe
rCold    . . .     Gourm    .   c - +0 shield
rNeg     + . .     Faith    .   p - +2 plate armour {rN+}
rPois    .         Spirit   .   (no helmet)
rElec    .         Reflect  .   u - +0 cloak
rCorr    .         Harm     .   b - +0 pair of gloves
MR       .....                  (no boots)
Stlth    ..........             (no amulet)
HPRegen  0.20/turn              (no ring)
MPRegen  0.11/turn              (no ring)

@: flying
A: no striking features
a: no special abilities


You were on level 6 of the Dungeon.
You were not hungry.

You visited 2 branches of the dungeon, and saw 7 of its levels.
You also visited: Ossuary.

You collected 293 gold pieces.

Inventory:

Hand Weapons
 a - a +0 war axe (weapon)
Missiles
 k - 28 poisoned darts (quivered)
 m - 4 datura-tipped darts
Armour
 b - a +0 pair of gloves (worn)
 c - a +0 shield (worn)
 p - a +2 plate armour of positive energy (worn)
 u - a +0 cloak (worn)
 w - the +2 leather armour "Ilubar" {rF+ MP+9}
   (You found it on level 4 of the Dungeon)

   It protects you from fire.
   It affects your magic capacity (+9).
Scrolls
 h - 3 scrolls of blinking
 i - 9 scrolls of teleportation
 j - 2 scrolls of random uselessness
 l - 4 scrolls of fear
 o - a scroll of immolation
 q - 6 scrolls of remove curse
 s - 2 scrolls of enchant armour
 t - a scroll of amnesia
 y - a scroll of identify
Potions
 d - 4 potions of might
 e - 6 potions of curing
 g - 3 potions of heal wounds {unknown}
 n - a potion of flight
 r - a potion of magic
 v - a potion of ambrosia {unknown}
 x - 2 potions of degeneration {unknown}
 z - 2 potions of haste {unknown}
 A - a potion of lignification {unknown}
 B - 3 potions of brilliance
Comestibles
 f - 16 rations


   Skills:
 - Level 3.6 Fighting
 + Level 13.8 Axes
 - Level 3.2 Armour
 - Level 3.2 Shields


You had 7 spell levels left.
You didn't know any spells.
Your spell library was empty.

Dungeon Overview and Level Annotations

Branches:
Dungeon (6/15)             Temple (1/1) D:5         Ossuary (visited)

Altars:
Ashenzari
Cheibriados
Dithmenos
Elyvilon
Gozag
Hepliaklqana
Kikubaaqudgha
Makhleb
Nemelex Xobeh
Ru
Trog
Wu Jian
Xom
Zin
The Shining One


Message History

The phantom hits you but does no damage.
Your plate armour prevents you from hitting the iguana.
The iguana is heavily wounded.
You miss the phantom. The iguana bites you.
* * * LOW HITPOINT WARNING * * *
The phantom hits you.
* * * LOW HITPOINT WARNING * * *
You feel better. The iguana bites you.
* * * LOW HITPOINT WARNING * * *
The phantom hits you.
* * * LOW HITPOINT WARNING * * *
It was a potion of magic.
Magic courses through your body.
The iguana bites you but does no damage.
You block the phantom's attack.
It was a potion of flight.
You feel very buoyant.
You fly up into the air.
The phantom hits you.
* * * LOW HITPOINT WARNING * * *
The iguana bites you.
You die...

... #..# #.####.....
!... #..# #.# ######
...% ###..#.#.# .....
#....#.#.#
.....##.##...#.#
#......##รท###.#
#......#......###
#....W)l........# #####
#.####@####..##.# .....
#.^#(#^.#.###.#.#####
##^#.#^##.# #.#......
#.^#.#^.#.# #.####### #
##^#)#^##.###.##### #.
#.^#(#^.#.#.......###
#..####(####.#.#.#......
#.....#(#......#.#.#.###
#####.###..###.#.#.#.#..


You could see a phantom and an iguana.

Vanquished Creatures
  A wraith (Ossuary)
  An ice beast (D:5)
  An ogre (D:4)
  A phantom (D:6)
  3 centaurs
  2 bullfrogs
  A wyvern zombie (D:6)
  A scorpion (D:5)
  A bullfrog zombie (D:6)
  4 crimson imps
  A jelly (D:6)
  3 hounds
  An orc priest (D:5)
  An orc wizard (D:5)
  An iguana (D:5)
  2 worker ants
  A big kobold zombie (Ossuary)
  2 hound skeletons
  3 mummies (Ossuary)
  7 adders
  3 shadow imps
  2 oozes
  2 worms
  7 leopard geckos
  22 orcs
  A ball python (D:3)
  7 giant cockroaches
  6 goblins
  6 hobgoblins
  9 jackals
  2 kobolds
  4 bats
  4 frilled lizards
  A gnoll zombie (Ossuary)
  4 goblin zombies (Ossuary)
  3 hobgoblin zombies (Ossuary)
  A jackal skeleton (D:6)
  2 kobold zombies (Ossuary)
  A leopard gecko skeleton (D:5)
  A leopard gecko zombie (D:5)
  An orc zombie (Ossuary)
  A quokka skeleton (D:4)
  7 rats
135 creatures vanquished.

Notes
Turn   | Place    | Note
-------+----------+-------------------------------------------
     0 | D:1      | Delamore the Hill Orc Fighter began the quest for the Orb.
     0 | D:1      | Reached XP level 1. HP: 19/19 MP: 1/1
    57 | D:1      | Reached skill level 3 in Axes
   513 | D:1      | Reached XP level 2. HP: 22/26 MP: 2/2
   523 | D:1      | Found a shattered altar of Ashenzari.
   551 | D:1      | Reached skill level 4 in Axes
   940 | D:1      | You fall into a shaft and drop 1 floor!
  1073 | D:2      | Reached XP level 3. HP: 30/31 MP: 3/3
  1211 | D:1      | Reached skill level 5 in Axes
  2264 | D:3      | Reached XP level 4. HP: 39/39 MP: 4/4
  2522 | D:3      | Reached skill level 6 in Axes
  2685 | D:3      | Found a shattered altar of Ashenzari.
  2961 | D:4      | Found a sacrificial altar of Ru.
  2979 | D:4      | Reached XP level 5. HP: 31/45 MP: 5/5
  3186 | D:4      | Reached skill level 7 in Axes
  3548 | D:4      | Noticed an ogre
  3560 | D:4      | Killed an ogre
  3560 | D:4      | Reached skill level 8 in Axes
  3560 | D:4      | Reached XP level 6. HP: 38/51 MP: 6/6
  3693 | D:4      | Got a smoking leather armour
  3704 | D:4      | Identified the +2 leather armour "Ilubar" {rF+ MP+9} (You
                  | found it on level 4 of the Dungeon)
  4097 | D:4      | Found a shimmering altar of Xom.
  4187 | D:5      | Entered Level 5 of the Dungeon
  4357 | D:5      | Reached skill level 9 in Axes
  4729 | D:5      | Reached XP level 7. HP: 31/57 MP: 7/7
  5016 | D:5      | Reached skill level 10 in Axes
  5230 | D:5      | Found a staircase to the Ecumenical Temple.
  5240 | Temple   | Entered the Ecumenical Temple
  5502 | D:5      | Reached skill level 11 in Axes
  5869 | D:6      | Reached XP level 8. HP: 56/64 MP: 8/8
  5952 | D:6      | Found a sand-covered staircase.
  5957 | Ossuary  | Entered an ossuary
  5957 | Ossuary  | Noticed a wraith
  5957 | Ossuary  | Noticed a wraith
  5957 | Ossuary  | Noticed a wraith
  6236 | Ossuary  | Noticed a wraith
  6249 | Ossuary  | Killed a wraith
  6249 | Ossuary  | Reached skill level 12 in Axes
  6645 | D:6      | Found a sparkling altar of Nemelex Xobeh.
  6921 | D:6      | Reached skill level 13 in Axes
  6994 | D:6      | HP: 2/64 [phantom (6)]
  6997 | D:6      | Slain by an iguana

Levels and vault maps discovered:
D:1:      matt_arrival_refuge, layout_basic, evilmike_ruin_ashenzari
D:2:      layout_basic
D:3:      layout_rooms, lemuel_round_altar, first_ration, nrook_uturn
D:4:      layout_loops_corners, nicolae_ru_awakened_eye, tgw_xom
D:5:      layout_loops_ring, temple_pool_b
D:6:      layout_basic, nemelex_altar_shiori, enter_ossuary_2, grunt_tough_drop
Temple:   minmay_temple_curvy_loop

Skill      XL: |  1  2  3  4  5  6  7  8 |
---------------+-------------------------+-----
Axes           | 3 4 5 6 8 9 11 13 | 13.8
Fighting       | |  3.6
Armour         | |  3.2
Shields        | |  3.2

Action                   |  1- 3 |  4- 6 |  7- 9 || total
-------------------------+-------+-------+-------++-------
Melee: War axe           |   150 |   182 |   253 ||   585
Throw: Dart              |       |     3 |       ||     3
  Use: Scroll            |     4 |       |     7 ||    11
       Potion            |       |       |     3 ||     3
  Eat: Chunk             |     4 |     8 |     8 ||    20
Armor: Scale mail        |    70 |    36 |       ||   106
       Plate armour      |       |    28 |   122 ||   150
       Leather armour    |       |    24 |       ||    24
Dodge: Dodged            |    47 |    65 |    30 ||   142
Block: Shield            |    88 |    96 |    79 ||   263
